 Dungeon Crawl Stone Soup version 0.28.0-47-ge53b351184 (webtiles) character file.

Game seed: 14463613366725061437

7765 Iusername the Protected (level 11, -1/88 (97) HPs)
             Began as a Minotaur Fighter on Apr 28, 2022.
             Was a Believer of Dithmenos.
             Killed from afar by Josephine (20 damage)
             ... with a ghostly fireball
             ... on level 10 of the Dungeon.
             The game lasted 00:20:05 (11595 turns).

Iusername the Protected (Minotaur Fighter)         Turns: 11595, Time: 00:20:06

HP:   -1/88 (97)    AC: 19    Str: 24    XL:     11   Next: 1%
MP:   10/10         EV: 11    Int:  7    God:    Dithmenos [**....]
Gold: 494           SH:  5    Dex:  9    Spells: 10/10 levels left

rFire   . . .      SeeInvis +   u - +6 short sword of Wuhyxioc {flame, rC+ SInv}
rCold   + . .      Faith    .   c - +0 buckler
rNeg    . . .      Spirit   .   b - +0 scale mail
rPois   +          Reflect  .   (helmet restricted)
rElec   .          Harm     .   o - +0 cloak
rCorr   .          Rampage  .   E - +2 pair of gloves
Will    .....                   d - +0 pair of boots
Stlth   +.........              (no amulet)
HPRegen 0.24/turn               B - +4 ring of protection
MPRegen 0.12/turn               a - ring of poison resistance

@: slowed, wreathed by umbra, drained, very slow
A: horns 2, retaliatory headbutt
a: Renounce Religion, Shadow Step


You were on level 10 of the Dungeon.
You worshipped Dithmenos.
Dithmenos was pleased with you.
You visited 2 branches of the dungeon, and saw 11 of its levels.

You collected 494 gold pieces.

Inventory:

Hand Weapons
 u - the +6 short sword of Wuhyxioc (weapon) {flame, rC+ SInv}
   (You found it on level 5 of the Dungeon)

   It burns those it strikes, dealing additional fire damage.
   rC:        It protects you from cold.
   SInv:      It lets you see invisible.
Armour
 b - a +0 scale mail (worn)
 c - a +0 buckler (worn)
 d - a +0 pair of boots (worn)
 o - a +0 cloak (worn)
 E - a +2 pair of gloves (worn)
Jewellery
 a - a ring of poison resistance (right hand)
 i - a ring of positive energy
 B - a +4 ring of protection (left hand)
 D - a ring of protection from fire
Wands
 m - a wand of digging (2)
 t - a wand of mindburst (16)
 C - a wand of iceblast (12)
Scrolls
 e - 7 scrolls of teleportation
 f - 3 scrolls of noise {unknown}
 g - 2 scrolls of fog {unknown}
 h - 2 scrolls of enchant armour
 j - 4 scrolls of amnesia
 l - 2 scrolls of fear {unknown}
 p - a scroll of silence {unknown}
 w - a scroll of brand weapon {unknown}
 y - a scroll of magic mapping {unknown}
 A - a scroll of holy word {unknown}
 G - a scroll of identify
Potions
 k - a potion of degeneration {unknown}
 n - a potion of heal wounds
 q - 2 potions of mutation {unknown}
 r - 2 potions of brilliance
 s - a potion of resistance {unknown}
 x - 2 potions of ambrosia
 z - 4 potions of curing {unknown}
 F - a potion of flight {unknown}


   Skills:
 + Level 9.1 Fighting
 + Level 8.0 Short Blades
 + Level 7.3 Maces & Flails
 + Level 5.0 Polearms
 + Level 10.5 Armour
 + Level 3.8 Dodging
 + Level 3.5 Stealth
 + Level 7.8 Shields
 + Level 1.2 Evocations


You had 10 spell levels left.
You didn't know any spells.
Your spell library contained the following spells:

 Spells                   Type           Power      Damage    Failure   Level
 Animate Skeleton         Necr           0%         N/A       77%         1
 Apportation              Tloc           0%         N/A       77%         1
 Summon Small Mammal      Summ           0%         N/A       77%         1
 Blink                    Tloc           0%         N/A       88%         2
 Ensorcelled Hibernation  Hex/Ice        0%         N/A       88%         2
 Sublimation of Blood     Necr           0%         N/A       88%         2
 Wereblood                Tmut           0%         N/A       88%         2
 Dazzling Flash           Conj/Hex       0%         N/A       98%         3
 Lesser Beckoning         Tloc           0%         N/A       98%         3
 Spider Form              Tmut/Pois      0%         N/A       98%         3
 Anguish                  Hex/Necr       0%         N/A       100%        4
 Summon Ice Beast         Ice/Summ       0%         N/A       100%        4
 Agony                    Necr           0%         N/A       100%        5
 Manifold Assault         Tloc           0%         N/A       100%        5
 Silence                  Hex/Air        0%         N/A       100%        5
 Summon Mana Viper        Hex/Summ       0%         N/A       100%        5
 Dispersal                Tloc           0%         N/A       100%        6
 Monstrous Menagerie      Summ           0%         N/A       100%        7
 Summon Hydra             Summ           0%         N/A       100%        7
 Disjunction              Tloc           0%         N/A       100%        8


Dungeon Overview and Level Annotations

Branches:
Dungeon (10/15)            Temple (1/1) D:5            Lair (0/6) D:8
    Orc: D:9-12

Altars:
Ashenzari
Cheibriados
Dithmenos
Elyvilon
Gozag
Hepliaklqana
Kikubaaqudgha
Makhleb
Nemelex Xobeh
Okawaru
Qazlal
Ru
Trog
Uskayaw
Vehumet
Wu Jian
Xom
Zin
The Shining One

Shops:
D:2 !(   D:6 ?   D:8 ?   D:10 !

Annotations:
D:3 2 transporters, ChongLi's ghost, amateur OgAM
D:10 Josephine


Innate Abilities, Weirdness & Mutations

You have a pair of horns on your head.
You reflexively headbutt those who attack you in melee.


Message History

You hit Josephine. You burn Josephine. Your headbutt misses Josephine.
Josephine is severely wounded.
Josephine barely misses you. The wraith hits you but does no damage.
You block the wraith's attack. The wraith closely misses you.
The wraith completely misses you. Josephine hits you but does no damage.
The wraith hits you. The wraith drains your vigour!
You feel as though you will be slow longer.
You barely miss Josephine.
Josephine is severely wounded.
The wraith hits you but does no damage. The wraith hits you!
The wraith drains your vigour!
You feel as though you will be slow longer.
Josephine hits you with a +0 dagger!
* * * LOW HITPOINT WARNING * * *
The wraith hits you but does no damage.
You hit Josephine. You burn Josephine.
Josephine is severely wounded.
You block the wraith's attack. The wraith hits you but does no damage.
Josephine gestures at you while chanting.
The ghostly flame explodes!
The ghostly fireball engulfs you!
You feel drained.
* * * LOW HITPOINT WARNING * * *
The ghostly fireball engulfs the wraith.
The wraith completely resists.
The ghostly fireball engulfs Josephine.
Josephine completely resists.
The ghostly fireball engulfs the wraith.
The wraith completely resists.
The ghostly fireball engulfs the wraith.
The wraith completely resists.
The wraith barely misses you.
You hit Josephine but do no damage.
Josephine is severely wounded.
The wraith barely misses you. The wraith hits you but does no damage.
Josephine barely misses you. The wraith hits you.
* * * LOW HITPOINT WARNING * * *
You hit Josephine. You burn Josephine.
Josephine is severely wounded.
The wraith hits you but does no damage. x2
Josephine points at you and mumbles some strange words.
The ghostly flame explodes!
The ghostly fireball engulfs you!!
You feel drained.
You die...

.########...........(........#
#....................#
#.########...........#
#.#......#...........#
#.#......#...........#
#.#......#...........#
#.#......#...........#
#.#....WW#...........#
#...!W@'...........#
#....@##...........#
#....$#....######..#
#.....#....# ..# +.....#....#
.# #.....#....# #.....#....#
#.....#....# #....#


You could see Josephine and 3 wraiths.

Vanquished Creatures
  The ghost of zeratav the Insei, a novice OpTm (D:6)
  A cyclops (D:8)
  A komodo dragon (D:10)
  2 wyverns (D:8)
  2 basilisks (D:8)
  15 yaks
  2 steam dragons
  Menkaure (D:5)
  Edmund (D:4)
  Duvessa (D:5)
  A water moccasin (D:5)
  A swamp drake (D:8)
  A sky beast (D:7)
  A hornet zombie (D:7)
  3 orc warriors
  3 ogres
  A black bear (D:7)
  An ice beast (D:6)
  A necrophage (D:5)
  4 centaurs
  2 kobold brigands
  Blork the orc (D:4)
  A scorpion (D:4)
  4 bullfrogs
  A gnoll sergeant (D:7)
  A wyvern zombie (D:8)
  A water moccasin skeleton (D:4)
  Dowan (D:5)
  The ghost of osinmv the Poker, a weakling MfBe of Trog (D:4)
  5 killer bees (D:7)
  3 howler monkeys
  A wight (D:8)
  2 centaur zombies
  A hound (D:5)
  6 orc priests
  A jelly (D:6)
  An iguana (D:6)
  Ijyb (D:5)
  3 orc wizards
  A killer bee zombie (D:9)
  A hound skeleton (D:4)
  14 gnolls
  A howler monkey skeleton (D:5)
  7 adders
  A shadow imp (D:7)
  A white imp (D:5)
  An ufetubus (D:5)
  2 worms
  A dart slug (D:3)
  30 orcs
  4 ball pythons
  3 endoplasms
  3 giant cockroaches
  9 goblins
  3 hobgoblins
  15 kobolds
  3 quokkas
  9 bats
  4 frilled lizards
  3 rats
197 creatures vanquished.

Vanquished Creatures (others)
  An orc priest (D:8)
  2 orcs (D:8)
  A fungus (D:4)
  6 plants (D:3)
10 creatures vanquished.

Grand Total: 207 creatures vanquished

Notes
Turn   | Place    | Note
-------+----------+-------------------------------------------
     0 | D:1      | Iusername the Minotaur Fighter began the quest for the Orb.
     0 | D:1      | Reached XP level 1. HP: 19/19 MP: 0/0
   147 | D:1      | Reached XP level 2. HP: 27/27 MP: 1/1
   662 | D:2      | Found Iturom's Distillery.
   667 | D:2      | Reached skill level 4 in Armour
   678 | D:2      | Reached XP level 3. HP: 32/33 MP: 2/2
   755 | D:2      | Found a white marble altar of Elyvilon.
   888 | D:2      | Found Weceuloh's Weapon Shoppe.
  2203 | D:3      | Identified the +12 spear of Starshine {chaos, Stlth+}
  2236 | D:3      | Found a transporter.
  2248 | D:3      | Noticed ChongLi's ghost (amateur OgAM)
  2298 | D:3      | Found a transporter.
  2437 | D:3      | Reached XP level 4. HP: 28/41 MP: 3/3
  3174 | D:4      | Found a runed translucent gate.
  3174 | D:4      | Found a runed translucent gate.
  3175 | D:4      | Found a runed translucent gate.
  3189 | D:4      | Noticed Edmund
  3205 | D:4      | Killed Edmund
  3206 | D:4      | Reached skill level 5 in Armour
  3206 | D:4      | Reached XP level 5. HP: 36/47 MP: 4/4
  3242 | D:4      | Noticed osinmv's ghost (weakling MfBe)
  3256 | D:4      | Killed osinmv's ghost
  3257 | D:4      | Reached skill level 1 in Dodging
  3257 | D:4      | Reached XP level 6. HP: 20/55 MP: 5/5
  3602 | D:4      | Reached skill level 5 in Fighting
  3685 | D:4      | Reached skill level 1 in Stealth
  3863 | D:4      | Noticed Blork the orc
  3878 | D:4      | HP: 2/56 [Blork the orc/puff of frost (4)]
  3879 | D:4      | Killed Blork the orc
  4668 | D:4      | Found a glowing silver altar of Zin.
  4686 | D:4      | Reached skill level 5 in Polearms
  4686 | D:4      | Reached skill level 6 in Armour
  4686 | D:4      | Reached XP level 7. HP: 52/61 MP: 6/6
  4815 | D:4      | Reached skill level 1 in Maces & Flails
  5183 | D:5      | Entered Level 5 of the Dungeon
  5184 | D:5      | Found a burning altar of Makhleb.
  5340 | D:5      | Found a staircase to the Ecumenical Temple.
  5344 | D:5      | Noticed Duvessa
  5345 | D:5      | Noticed Dowan
  5363 | D:5      | Killed Dowan
  5366 | D:5      | Killed Duvessa
  5367 | D:5      | Reached skill level 7 in Armour
  5379 | Temple   | Entered the Ecumenical Temple
  5658 | Temple   | Became a worshipper of Dithmenos the Shadowed
  5731 | D:5      | Reached XP level 8. HP: 70/70 MP: 7/7
  5780 | D:5      | Noticed Menkaure
  5784 | D:5      | Killed Menkaure
  5933 | D:5      | Identified the +6 short sword of Wuhyxioc {flame, rC+ SInv}
  5955 | D:5      | Reached skill level 5 in Maces & Flails
  6110 | D:5      | Found a sparkling altar of Nemelex Xobeh.
  6196 | D:5      | Noticed Ijyb
  6206 | D:5      | Killed Ijyb
  6520 | D:6      | Found a runed translucent door.
  6524 | D:6      | Noticed zeratav's ghost (novice OpTm)
  6778 | D:6      | Found Bino's Magic Scroll Emporium.
  6974 | D:6      | Reached skill level 1 in Short Blades
  6979 | D:6      | Reached skill level 8 in Armour
  6988 | D:6      | Killed zeratav's ghost
  6989 | D:6      | Reached XP level 9. HP: 66/79 MP: 8/8
  6997 | D:6      | Found a runed translucent door.
  8046 | D:7      | Reached * piety under Dithmenos
  8074 | D:7      | Reached skill level 5 in Shields
  9108 | D:8      | Reached skill level 9 in Armour
  9131 | D:8      | Reached skill level 5 in Short Blades
  9418 | D:8      | Noticed a cyclops
  9429 | D:8      | Killed a cyclops
  9430 | D:8      | Reached XP level 10. HP: 84/88 MP: 9/9
  9583 | D:8      | Reached skill level 1 in Evocations
  9848 | D:8      | Reached ** piety under Dithmenos
  9849 | D:8      | Found a staircase to the Lair.
 10243 | D:8      | Found Ostreen's Magic Scroll Boutique.
 10576 | D:9      | Reached skill level 10 in Armour
 11118 | D:10     | Entered Level 10 of the Dungeon
 11386 | D:10     | Found Antuts's Distillery.
 11464 | D:10     | Reached XP level 11. HP: 78/97 MP: 10/10
 11567 | D:10     | Noticed Josephine
 11595 | D:10     | Killed from afar by Josephine

Illustrated notes

Levels and vault maps discovered:
D:1:      amcnicky_arrival_single_pillar, layout_loops_ring
D:2:      layout_loops_cross, serial_shops, shop,
          nicolae_shop_bloodbath_and_beyond, basic_altar
D:3:      layout_basic, gammafunk_ghost_gnarly_gnolls, minivault_19
D:4:      layout_basic, mainiacjoe_overflow_boulevard,
          ebering_ghost_rock_garden, chequers_avenue, uniq_edmund,
          uniq_blork_the_orc
D:5:      layout_basic, minmay_temple_entry_sparse_star,
          hangedman_feature_mirror, nicolae_fountain_basement, uniq_menkaure,
          uniq_duvessa, uniq_ijyb
D:6:      layout_basic, serial_shops, nicolae_diamond_shop,
          ebering_ghost_sewer_f, lemuel_another_geyser
D:7:      layout_basic
D:8:      kennysheep_blocky_hall, layout_rooms, erik_lair_dragon, serial_shops,
          kennysheep_mini, chequers_serial_rivers_micro_e, hangedman_glass_teeth
D:9:      layout_roguey
D:10:     layout_irregular_city, serial_shops, nicolae_stop_n_shop_2,
          nicolae_stop_n_shop_1, shop_fountains, lightli_orcish_oven,
          uniq_josephine
Temple:   grunt_wide_crystal_templ

Skill      XL: |  1  2  3  4  5  6  7  8  9 10 |
---------------+-------------------------------+-----
Fighting       | 4 5 7 9 |  9.1
Armour         | 4 5 6 7 8 9 10 | 10.5
Shields        | 4 5 7 |  7.8
Polearms       | 3 4 5 |  5.0
Dodging        | 1 2 3 |  3.8
Stealth        | 1 2 3 |  3.5
Maces & Flails | 4 6 7 |  7.3
Short Blades   | 2 5 8 |  8.0
Evocations     | 1 |  1.2

Action                   |  1- 3 |  4- 6 |  7- 9 | 10-12 || total
-------------------------+-------+-------+-------+-------++-------
Melee: Trident           |    99 |    67 |       |       ||   166
       Headbutt          |     5 |    16 |    35 |    32 ||    88
       Dire flail        |       |    13 |    60 |       ||    73
       Short sword       |       |       |   164 |   212 ||   376
Evoke: Wand              |       |       |    11 |     3 ||    14
  Use: Scroll            |       |     3 |     2 |       ||     5
       Potion            |       |     1 |     2 |       ||     3
 Stab: Invisible         |       |       |     1 |       ||     1
Armor: Scale mail        |    41 |    29 |   111 |   134 ||   315
Dodge: Dodged            |    28 |    35 |   131 |   106 ||   300
Block: Buckler           |    17 |    10 |    34 |    69 ||   130
